AoeStats
← 擦擦茶

Black Forest

510022377Analyzed
4v4 RM · 4d ago on Sep 29, 2026· 41m 57s· 8 players
Game mode
Random Map
Map size
Large (8 player)
Population
200
Speed
Normal
Resources
Standard
Victory
Conquest
Starting age
Dark Age
Ending age
Imperial Age
RankedLock teamsTeams togetherTeam positionsShared explorationLock speedFull tech treeHidden civsTurbo modeCheats
Victory
Defeat
🇨🇦 Lithuanians · Canada
1058
+13
🇺🇸 Italians · United States
1015
+15
🇨🇦 Georgians · Canada
1006
+15
🇺🇸 Inca · United States
972
+16
🇮🇩 Celts · Indonesia
1052
-18
🇳🇿 Vietnamese · New Zealand
974
-14
🇨🇱 Burmese · Chile
962
-14
🇨🇳 Persians · China
952
-13
Maj. Payne
0:47 Loom
11:54 Feudal Age
16:54 Double-Bit Axe
18:57 Fletching
22:27 Town Watch
30:51 Castle Age
29:55 Forging
30:50 Scale Mail Armor
32:09 Iron Casting
32:40 Horse Collar
34:09 Gold Mining
40:42 Chain Mail Armor
41:10 Sanctity
King Conqueror
1:01 Loom
15:23 Feudal Age
16:46 Wheelbarrow
21:49 Castle Age
19:44 Double-Bit Axe
19:43 Horse Collar
21:59 Fletching
23:44 Bodkin Arrow
25:00 Heavy Plow
26:46 Stone Mining
29:17 Caravan
34:58 Imperial Age
33:18 Hand Cart
35:10 Svan Towers
35:07 Guard Tower
35:38 Ballistics
35:37 Forging
36:31 Bloodlines
36:31 Bracer
eward17
11:00 Feudal Age
11:43 Double-Bit Axe
12:04 Horse Collar
14:43 Castle Age
16:57 Bow Saw
20:08 Scale Barding Armor
20:23 Bloodlines
22:21 Wheelbarrow
22:13 Heavy Plow
24:45 Gold Mining
24:46 Stone Mining
31:23 Imperial Age
29:43 Chain Barding Armor
30:34 Forging
31:29 Cavalier
32:10 Husbandry
34:59 Two-Man Saw
34:51 Iron Casting
35:25 Paladin
37:08 Plate Barding Armor
37:41 Conscription
SwedenBirdieSkaggs236
2:37 Loom
14:47 Feudal Age
16:41 Double-Bit Axe
16:37 Horse Collar
19:33 Castle Age
22:22 Bow Saw
23:32 Heavy Plow
24:16 Wheelbarrow
27:13 Hand Cart
29:12 Gold Mining
29:15 Stone Mining
31:06 Stone Shaft Mining
31:05 Ballistics
30:57 Fortified Wall
30:43 Murder Holes
30:59 Masonry
30:30 Treadmill Crane
30:43 Fletching
30:54 Padded Archer Armor
32:12 Forging
32:02 Scale Mail Armor
31:58 Bodkin Arrow
34:51 Imperial Age
33:08 Squires
32:56 Arson
32:37 Pikeman
32:39 Man-at-Arms
33:52 Caravan
35:44 Leather Archer Armor
36:05 Iron Casting
35:45 Chain Mail Armor
35:59 Bracer
36:32 Conscription
35:33 Elite Genoese Crossbowman
35:57 Elite Genoese Crossbowman
37:25 Ring Archer Armor
37:55 Blast Furnace
41:05 Plate Mail Armor
41:38 Chemistry
Calcetin
11:53 Feudal Age
12:04 Man-at-Arms
25:56 Castle Age
27:04 Wheelbarrow
DonaldTrumpet
11:56 Feudal Age
12:45 Double-Bit Axe
12:41 Horse Collar
12:55 Gold Mining
15:42 Castle Age
15:05 Wheelbarrow
16:48 Bow Saw
16:39 Heavy Plow
22:26 Hand Cart
22:21 Stone Mining
24:29 Loom
25:29 Stone Shaft Mining
28:08 Imperial Age
27:42 Scale Barding Armor
27:48 Forging
27:54 Husbandry
28:05 Bloodlines
28:17 Elite Battle Elephant
30:25 Chemistry
30:19 Chain Barding Armor
30:38 Iron Casting
31:38 Plate Barding Armor
35:36 Light Cavalry
36:57 Crop Rotation
38:27 Chatras
擦擦茶
0:38 Loom
12:32 Feudal Age
13:04 Double-Bit Axe
16:39 Horse Collar
22:44 Castle Age
20:43 Stone Mining
20:48 Gold Mining
23:22 Heavy Plow
23:36 Bow Saw
26:09 Gold Shaft Mining
25:51 Masonry
30:04 Stone Shaft Mining
31:54 Wheelbarrow
33:00 Stone Shaft Mining
33:16 Bloodlines
35:12 Scale Barding Armor
35:06 Pikeman
36:21 Hand Cart
37:50 Squires
37:35 Arson
38:15 Chain Barding Armor
38:06 Forging
41:16 Imperial Age
halilbugra
3:21 Loom
12:06 Feudal Age
17:27 Castle Age
22:56 Double-Bit Axe
25:37 Horse Collar
27:54 Wheelbarrow
27:27 Heavy Plow
33:47 Imperial Age
31:11 Pikeman
32:18 Hand Cart
32:34 Bow Saw
34:07 Ballistics
33:50 Caravan
35:31 Halberdier
40:51 Heavy Scorpion
Connection lost

Rejoining the realm…

Still unreachable

The connection could not be restored.

Session expired

The server has moved on; the page needs a fresh start.